Description

PvZ: 1 Immortal Fast Timing Attack (Orion's Guide)

VOD

https://www.youtube.com/watch?v=NadSXhpCgB8

Build Order

Get SALT Encoding   

  14  0:19  Pylon  
  16  0:41  Gateway  
  17  0:50  Assimilator  
  19  1:21  Nexus  
  19  1:31  Cybernetics Core  
  21  1:48  Assimilator  
  21  1:53  Pylon  
  23  2:07  Stalker  
  25  2:10  Warp Gate  
  27  2:30  Mothership Core  Use with stalker to clear out overlords
  30  2:43  Adept  
  34  2:56  Robotics Facility  Hidden
  39  3:25  Gateway x2  
  43  3:42  Pylon  
  45  3:47  Sentry  Did zerg take 3rd?
  50  3:51  Immortal (Chrono Boost)  
  50  3:55  Pylon  
  52  4:08  Assimilator  
  53  4:20  Gateway x3  
  54  4:23  Warp Prism (Chrono Boost)  
  56  4:28  Pylon  
  56  4:30  Sentry x3  
  62  4:32  Pylon  
  62  4:52  Adept x3  
  68  4:54  Gateway  
  68  4:56  Adept x2  
  72  4:58  Pylon x2  
Spawning Tool Build Advisor. Get it on Overwolf

Analysis

Once warp gate finishes, walk across the map, continue to build adepts until there is a need to build stalkers. Finish the game now!

Benchmark: Should reach enemy base @ 5:40 with army of 42 supply (1 immortal, 4 sentry, 10-15 adepts)

Go to:

Details

  • Created by: koshr
  • Published on: Mar 22, 2017
  • Modified on: Mar 29, 2017
  • Patch: 3.8.0
Show
View Real Time Build Order
Export as new Build Order

Comments (0)

There are no comments. Be the first!

Create an account to comment!